Map: Invader LE

Players

Astronomync

  • Race: Protoss Protoss
  • League: Silver
  • Spawn Location: 5:00

Fropez - Winner!

  • Race: Protoss Protoss
  • League: Silver
  • Spawn Location: 1:00

VOD

Have the link to the VOD?

Description

Time

  • Played on: May 17, 2016, 2:21 p.m.
  • Length: 25:04
Show
View Real Time Build Order
Export as new Build Order

Astronomync Protoss 

Build Orders: 1 Gate Expand 

Get SALT Encoding   

  12  0:02  Probe (Chrono Boost)  
  13  0:12  Probe (Chrono Boost)  
  14  0:23  Pylon, Probe (Chrono Boost)  
  15  0:47  Gateway  
  15  0:49  Probe (Chrono Boost)  
  16  0:57  Assimilator  
  16  0:59  Probe (Chrono Boost)  
  17  1:10  Probe (Chrono Boost)  
  18  1:20  Probe (Chrono Boost)  
  19  1:31  Probe (Chrono Boost)  
  20  1:38  Nexus  
  20  1:41  Probe (Chrono Boost)  
  21  1:47  Zealot  
  23  1:54  Pylon  
  23  2:05  Pylon  
  23  2:13  Probe (Chrono Boost)  
  24  2:16  Pylon  
  24  2:26  Cybernetics Core  
  24  2:27  Probe (Chrono Boost)  
  25  2:33  Assimilator  
  25  2:38  Probe (Chrono Boost), Zealot  
  28  2:57  Gateway  
  28  3:01  Gateway  
  28  3:02  Warp Gate  
  28  3:14  Probe (Chrono Boost)  
  28  3:15  Probe (Chrono Boost)  
  30  3:21  Adept  
  30  3:25  Mothership Core (Chrono Boost)  
  34  3:31  Gateway  
  34  3:42  Probe (Chrono Boost)  
  34  3:44  Probe (Chrono Boost)  
  34  3:48  Adept  
  38  3:49  Adept  
  38  3:52  Sentry  
  38  3:53  Probe (Chrono Boost)  
  44  3:55  Probe (Chrono Boost)  
  44  4:03  Probe (Chrono Boost)  
  44  4:06  Probe (Chrono Boost)  
  46  4:11  Twilight Council  
  46  4:17  Pylon  
  46  4:21  Pylon  
  46  4:23  Adept  
  48  4:26  Stalker  
  48  4:30  Sentry  
  52  4:34  Adept  
  52  4:36  Probe (Chrono Boost)  
  52  4:38  Probe (Chrono Boost)  
  56  4:47  Resonating Glaives  
  56  4:57  Robotics Facility  
  56  4:58  Probe x2 (Chrono Boost)  
  58  5:12  Gateway  
  58  5:16  Gateway  
  58  5:17  Gateway  
  58  5:18  Probe (Chrono Boost)  
  58  5:19  Probe (Chrono Boost)  
  60  5:29  Probe (Chrono Boost), Stalker x2  
  60  5:32  Stalker  
  67  5:37  Stalker  
  67  5:41  Probe x2 (Chrono Boost)  
  71  5:46  Assimilator  
  71  5:48  Assimilator  
  71  6:17  Probe x2 (Chrono Boost)  
  73  6:24  Stalker  
  73  6:25  Stalker  
  77  6:28  Probe (Chrono Boost)  
  78  6:33  Pylon  
  78  6:34  Pylon  
  78  6:36  Pylon  
  78  6:37  Pylon  
  78  6:51  Observer, Probe (Chrono Boost)  
  80  7:12  Warp Prism  
  80  7:15  Zealot x3  
  86  7:16  Zealot x2  
  86  7:17  Zealot x2  
  96  7:28  Robotics Bay  
  96  7:29  Nexus  
  96  7:34  Robotics Facility  
  96  7:45  Adept x2  
  96  7:46  Adept x2  
  96  7:47  Adept  
  96  7:48  Immortal  
  109  8:13  Charge  
  109  8:16  Extended Thermal Lance  
  109  8:29  Pylon  
  109  8:30  Pylon  
  109  8:33  Pylon  
  109  8:34  Pylon  
  109  8:35  Pylon  
  109  8:41  Immortal  
  113  9:09  Immortal  
  117  9:16  Adept x2  
  121  9:17  Adept x2  
  125  9:29  Probe x2 (Chrono Boost)  
  125  9:30  Probe (Chrono Boost)  
  128  9:37  Immortal  
  131  9:40  Probe x3 (Chrono Boost)  
  131  9:45  Stalker x2  
  136  9:46  Stalker  
  136  9:51  Stalker  
  142  9:53  Stalker  
  142  9:54  Stalker  
  150  10:07  Immortal  
  150  10:20  Immortal  
  154  10:30  Adept x2  
  154  10:31  Adept x2  
  154  10:32  Adept  
  163  11:21  Adept  
  121  13:25  Stalker x2  
  121  13:26  Stalker x2  
  92  14:13  Stalker x2  
  80  15:24  Pylon  
  80  15:34  Pylon  
  80  15:36  Pylon  
  80  15:37  Pylon  
  80  15:40  Pylon x3  
  80  15:43  Pylon  
  80  15:44  Pylon  
  80  15:46  Pylon  
  80  15:48  Pylon  
  80  15:49  Gateway  
  80  15:50  Gateway  
  80  15:52  Pylon  
  80  17:05  Stalker x3  
  80  17:06  Stalker x4  
  24  17:54  Observer x2  
  26  17:59  Stalker  
  26  18:00  Stalker x4  
  26  18:01  Stalker x2  
  40  18:07  Probe x3 (Chrono Boost)  
  43  18:15  Immortal  
  43  18:16  Immortal  
  43  18:18  Probe x3 (Chrono Boost)  
  54  18:28  Adept, Probe x2 (Chrono Boost)  
  54  18:29  Adept x4  
  54  18:30  Adept x2  
  69  18:50  Sentry x2  
  69  18:51  Sentry  
  69  18:54  Adept x3  
  69  18:55  Adept  
  34  19:22  Adept x4  
  34  19:23  Adept x3  
  42  19:36  Probe (Chrono Boost)  
  42  19:37  Probe x2 (Chrono Boost)  
  45  19:46  Assimilator  
  45  19:47  Probe x3 (Chrono Boost)  
  45  19:49  Assimilator  
  48  19:54  Gateway  
  48  19:57  Gateway  
  48  19:58  Probe (Chrono Boost)  
  48  19:59  Gateway  
  49  20:00  Gateway  
  49  20:02  Gateway  
  49  20:11  Immortal x2  
  49  20:13  Stalker  
  49  20:14  Stalker x2  
  61  20:15  Stalker x4  
  71  20:50  Observer x2  
  73  21:11  Immortal  
  73  21:12  Immortal  
  81  21:28  Nexus  
  81  21:34  Stalker  
  81  21:35  Nexus, Stalker x2  
  81  21:36  Stalker x3  
  81  21:37  Stalker  
  95  21:40  Zealot x2  
  95  21:41  Zealot x2  
  103  22:19  Templar Archives  
  103  22:27  Assimilator  
  103  22:29  Assimilator  
  103  22:42  Assimilator, Immortal x2  
  111  22:44  Assimilator  
  111  22:52  Probe x2 (Chrono Boost)  
  111  22:53  Probe x3 (Chrono Boost)  
  116  23:03  Probe x5 (Chrono Boost)  
  92  23:37  Colossus  
  92  23:38  Immortal  
  102  24:00  Probe x5 (Chrono Boost)  
  107  24:10  Probe x2 (Chrono Boost)  
  109  24:17  Immortal  
  113  24:30  Pylon  
  113  24:33  Pylon  
  113  24:36  Pylon  
Show
View Real Time Build Order
Export as new Build Order

Fropez Protoss - Winner!

Build Orders: 1 Gate Expand, Nexus First 

Get SALT Encoding   

  12  0:01  Probe (Chrono Boost)  
  13  0:24  Pylon  
  13  0:45  Gateway  
  13  1:03  Nexus  
  13  1:18  Probe (Chrono Boost)  
  14  1:20  Assimilator  
  14  1:25  Assimilator  
  14  1:28  Probe (Chrono Boost)  
  15  1:41  Cybernetics Core  
  15  1:48  Pylon  
  15  1:56  Pylon  
  15  1:57  Probe (Chrono Boost)  
  16  2:08  Probe (Chrono Boost)  
  17  2:22  Assimilator  
  17  2:26  Assimilator  
  17  2:27  Mothership Core (Chrono Boost)  
  19  2:31  Pylon  
  19  2:32  Probe (Chrono Boost)  
  20  2:43  Adept  
  22  2:48  Warp Gate (Chrono Boost)  
  22  2:53  Probe (Chrono Boost)  
  22  2:57  Probe (Chrono Boost)  
  24  3:09  Pylon  
  24  3:19  Probe (Chrono Boost)  
  25  3:23  Probe  
  26  3:29  Probe  
  26  3:32  Pylon  
  27  3:40  Forge, Probe  
  28  3:47  Adept  
  30  3:59  Gateway  
  30  4:01  Probe  
  31  4:24  Probe  
  31  4:26  Probe  
  33  4:32  Protoss Ground Weapons Level 1 (Chrono Boost)  
  33  4:41  Probe  
  33  4:44  Probe  
  35  4:45  Gateway  
  35  4:50  Photon Cannon  
  35  5:01  Pylon, Photon Cannon  
  35  5:02  Probe  
  35  5:06  Probe  
  37  5:17  Probe  
  37  5:20  Probe  
  39  5:23  Gateway  
  39  5:30  Probe, Gateway  
  39  5:32  Probe  
  41  5:43  Twilight Council  
  41  5:45  Probe  
  41  5:46  Probe  
  43  5:57  Probe  
  43  6:00  Stalker x2  
  43  6:03  Protoss Ground Armor Level 1 (Chrono Boost)  
  43  6:04  Stalker  
  50  6:06  Probe  
  51  6:24  Probe  
  51  6:25  Probe  
  53  6:29  Stalker x2  
  57  6:36  Probe  
  57  6:37  Probe  
  59  6:41  Pylon  
  59  6:44  Blink (Chrono Boost)  
  59  6:48  Probe  
  59  6:49  Probe  
  59  7:18  Probe  
  59  7:20  Stalker  
  62  7:25  Nexus  
  62  7:29  Assimilator  
  62  7:30  Stalker  
  62  7:31  Assimilator  
  62  7:32  Protoss Ground Weapons Level 2  
  62  7:34  Stalker  
  62  7:36  Pylon  
  66  7:37  Stalker  
  66  7:38  Pylon  
  66  7:41  Stalker  
  70  7:53  Probe x2  
  72  8:03  Robotics Facility  
  72  8:04  Pylon  
  72  8:05  Probe x2  
  74  8:07  Stalker x2  
  78  8:16  Photon Cannon  
  78  8:24  Pylon, Probe x2  
  80  8:27  Pylon  
  80  8:31  Stalker  
  82  8:35  Stalker  
  82  8:36  Probe x2  
  82  8:37  Stalker  
  82  8:40  Stalker  
  90  8:44  Stalker  
  92  9:03  Observer (Chrono Boost)  
  92  9:04  Pylon  
  93  9:13  Photon Cannon  
  93  9:22  Immortal (Chrono Boost)  
  97  9:28  Photon Cannon  
  97  9:46  Stalker x2  
  97  9:47  Stalker x3  
  107  9:57  Immortal (Chrono Boost)  
  111  10:02  Robotics Facility  
  111  10:03  Probe  
  111  10:05  Probe  
  113  10:12  Probe  
  114  10:14  Pylon  
  114  10:19  Probe  
  115  10:32  Protoss Ground Weapons Level 3 (Chrono Boost)  
  115  10:35  Immortal (Chrono Boost)  
  117  11:13  Immortal x2 (Chrono Boost)  
  125  11:19  Stalker x5  
  115  11:49  Stalker  
  115  11:50  Stalker x4  
  83  12:25  Stalker  
  83  12:26  Stalker x2  
  87  12:32  Gateway  
  87  12:34  Gateway  
  77  12:38  Gateway  
  77  12:40  Gateway  
  77  12:43  Gateway  
  67  12:53  Nexus  
  67  12:56  Assimilator  
  63  12:58  Assimilator  
  63  13:01  Pylon  
  63  13:03  Pylon  
  63  13:04  Stalker  
  63  13:05  Stalker  
  60  13:09  Mothership Core  
  60  13:10  Cybernetics Core  
  60  13:11  Forge  
  62  13:17  Dark Shrine  
  62  13:20  Pylon  
  60  13:54  Protoss Ground Armor Level 2 (Chrono Boost), Stalker x3  
  60  13:55  Stalker  
  68  13:58  Gateway  
  68  13:59  Gateway  
  68  14:02  Gateway  
  68  14:10  Probe x2  
  70  14:21  Probe x2  
  66  14:31  Probe x2  
  56  14:45  Stalker  
  56  14:46  Stalker x3  
  52  15:09  Stalker x3  
  52  15:10  Stalker  
  52  15:27  Stalker x2  
  56  15:38  Twilight Council  
  56  15:39  Pylon  
  56  15:45  Probe  
  56  15:48  Probe  
  56  15:49  Pylon  
  58  16:02  Stalker x3  
  64  16:15  Templar Archives  
  63  16:21  Dark Templar x2  
  67  16:26  Dark Templar  
  69  16:38  Probe  
  69  16:39  Probe  
  71  16:42  Photon Cannon  
  71  16:52  High Templar x5  
  80  16:56  Archon x2  
  80  17:02  High Templar x3  
  80  17:06  Archon x2  
  86  17:22  Protoss Shields Level 1 (Chrono Boost)  
  68  17:49  High Templar x4  
  68  17:50  High Templar x3  
  80  17:53  Archon x2  
  80  17:54  Archon  
  80  18:39  Probe  
  80  18:40  Probe  
  82  18:42  Nexus  
  82  18:45  Assimilator  
  82  18:47  Pylon  
  82  18:49  Pylon  
  82  18:53  Assimilator  
  82  18:55  Pylon  
  82  18:59  Pylon  
  42  19:35  High Templar x2  
  42  19:36  High Templar x4  
  42  19:38  Zealot x2  
  56  19:40  Archon  
  56  19:41  Archon x2  
  58  19:46  Probe  
  58  19:48  Probe  
  60  19:57  Probe  
  60  19:59  Probe  
  62  20:15  Gateway  
  62  20:16  Gateway  
  62  20:18  Gateway  
  62  20:21  Gateway, Zealot x4  
  62  20:22  Zealot x4  
  62  20:25  Gateway  
  76  20:29  Pylon  
  76  20:30  Pylon  
  76  20:37  Pylon  
  76  20:39  Protoss Shields Level 2 (Chrono Boost)  
  76  20:44  Probe x2  
  76  20:46  Probe  
  79  20:59  High Templar x3  
  79  21:03  Archon  
  85  21:05  Nexus  
  85  21:07  Probe  
  85  21:09  Probe  
  87  21:11  Probe  
  88  21:30  High Templar  
  88  21:31  High Templar x3  
  96  21:35  Archon x2  
  96  21:39  High Templar  
  98  21:43  Archon  
  98  21:55  Photon Cannon  
  98  22:05  Pylon  
  98  22:06  Pylon  
  98  22:10  Probe  
  98  22:11  Pylon, Probe  
  98  22:12  Probe  
  98  22:13  Assimilator  
  98  22:15  Assimilator  
  101  22:17  High Templar x3  
  101  22:21  Archon  
  107  22:23  Pylon  
  107  22:35  Charge (Chrono Boost)  
  107  22:54  Robotics Facility  
  107  22:56  Robotics Facility  
  81  23:31  High Templar x2  
  81  23:32  High Templar x3  
  81  23:34  Zealot x7  
  89  23:35  Zealot  
  101  23:46  Probe  
  101  23:47  Probe  
  104  23:48  Probe  
  104  23:52  Archon x2  
  104  23:54  Observer x2  
  106  24:07  Zealot x5  
  106  24:08  Zealot x5  
  106  24:09  Zealot x3  
  132  24:15  Observer  
  132  24:16  Observer  
  116  24:49  Nexus  
  116  24:52  Assimilator  
  110  24:54  Assimilator  
  110  24:59  Pylon  
  110  25:00  Pylon  
Tags
 
Add a new tag
Caveats
  • Supply blocks, unpowered buildings, or Contaminate may cause inaccurate times.
  • Supply counts are checked every 10 seconds.